 Dungeon Crawl Stone Soup version 0.22-a0-570-g58866f5 (webtiles) character file.

52 kae the Sneak (level 3, -1/16 HPs)
             Began as a Spriggan Enchanter on June 30, 2018.
             Killed from afar by Natasha (7 damage)
             ... with a magic dart
             ... on level 2 of the Dungeon.
             The game lasted 00:02:04 (2456 turns).

kae the Sneak (Spriggan Enchanter)                  Turns: 2456, Time: 00:02:04

Health: -1/16      AC:  2    Str:  5    XL:     3   Next: 60%
Magic:  6/8        EV: 18    Int: 16    God:
Gold:   89         SH:  0    Dex: 16    Spells: 5/8 levels left

rFire    . . .     SeeInvis +   a - +1 dagger
rCold    . . .     Gourm    .   (shield restricted)
rNeg     . . .     Faith    .   b - +0 robe
rPois    .         Spirit   .   (helmet restricted)
rElec    .         Reflect  .   (no cloak)
rCorr    .         Harm     .   (gloves unavailable)
MR       .....                  (boots unavailable)
Stlth    +++.......             (no amulet)
HPRegen  0.05/turn              (no ring)
MPRegen  0.11/turn              (no ring)

@: very quick
A: very small, unfitting armour, see invisible, herbivore, speed 3, slow
metabolism 2
a: no special abilities


You were on level 2 of the Dungeon.
You were very hungry.

You visited 1 branch of the dungeon, and saw 2 of its levels.

You collected 89 gold pieces.

Inventory:

Hand Weapons
 a - a +1 dagger (weapon)
Armour
 b - a +0 robe (worn)
Jewellery
 j - a +1 ring of evasion {unknown}
Scrolls
 c - 2 scrolls of identify {unknown}
Potions
 e - a potion of haste {unknown}
 f - a potion of heal wounds {unknown}
 g - a potion of flight {unknown}
 h - 2 potions of brilliance {unknown}
 i - a potion of might {unknown}
Comestibles
 d - a ration


   Skills:
 * Level 2.4 Short Blades
 - Level 3.0 Dodging
 * Level 5.4 Stealth
 + Level 3.1 Spellcasting
 + Level 4.0 Hexes


You had 5 spell levels left.
You knew the following spells:

 Your Spells              Type           Power        Failure   Level  Hunger
a - Corona                Hex            ###....      3%          1    None
b - Ensorcelled Hibernat  Hex/Ice        #.....       12%         2    ##.....

Your spell library contained the following spells:

 Spells                   Type           Power        Failure   Level  Hunger
 Confuse                  Hex            ###.....     11%         3    ###....
 Tukima's Dance           Hex            ###.....     11%         3    ###....
 Dazzling Spray           Conj/Hex       #.....       24%         3    ###....


Dungeon Overview and Level Annotations

Branches:
Dungeon (2/15)

Altars:

Annotations:
D:2 Natasha, Terence


Innate Abilities, Weirdness & Mutations

You are very small and have problems with some larger weapons.
You are too small for most types of armour.
You have supernaturally acute eyesight. (SInv)
You are a herbivore.
You cover ground extremely quickly.
You need to consume almost no food.


Message History

Press: ? - help, Shift-Dir - straight line, f - Natasha
Aim: Natasha (chance to defeat MR: 39%) Natasha looks drowsy...
Natasha hisses angrily.
Natasha claws you.
You hit Natasha.
Natasha is moderately wounded.
Natasha misses you.
You hit Natasha.
Natasha is heavily wounded.
Natasha stares at you and mumbles some strange words.
The magic dart hits you!
You miss Natasha.
Natasha is moderately wounded.
Natasha completely misses you.
You hit Natasha.
Natasha is heavily wounded.
Natasha casts a spell at you. The magic dart hits you!
You die...

....####....#####.##.)..# #.#.
...................+....###.#.
....####....####...#....#.....
.. ...........##.......##.....
...........##.......##.....
...........###......##....#
...........####.....####.##
....######.................
###.......@.........###....
#.......h.......#.# #....
..$............#.###....
.........####......##.#.
.........# #.........#.
.....########.....<.....
............###..##...#.
...............#.)....##
.........##.#.###....


You could see Natasha.

Vanquished Creatures
  2 adders (D:2)
  3 leopard geckos
  3 giant cockroaches
  8 hobgoblins
  2 jackals (D:1)
  3 kobolds (D:1)
  A bat (D:1)
  4 frilled lizards
  4 rats (D:1)
30 creatures vanquished.

Notes
Turn   | Place    | Note
-------+----------+-------------------------------------------
     0 | D:1      | kae the Spriggan Enchanter began the quest for the Orb.
     0 | D:1      | Reached XP level 1. HP: 9/9 MP: 5/5
   358 | D:1      | Reached XP level 2. HP: 9/13 MP: 4/6
   580 | D:1      | Learned a level 2 spell: Ensorcelled Hibernation
  1086 | D:1      | Reached skill level 5 in Stealth
  1614 | D:2      | Reached XP level 3. HP: 16/16 MP: 4/8
  2338 | D:2      | Noticed Terence
  2444 | D:2      | Noticed Natasha
  2456 | D:2      | Killed from afar by Natasha

Vault maps used:
D:1:      lightli_molten_gateway
D:2:      uniq_terence, uniq_natasha, uniq_robin

Skill      XL: |  1  2  3 |
---------------+----------+-----
Stealth        | 5 |  5.4
Short Blades   | 2 |  2.4
Spellcasting   | 3 |  3.1
Hexes          | 4 |  4.0
Dodging        | |  3.0

Action                   || total
-------------------------++-------
Melee: Dagger            ||   107
 Cast: Corona            ||    12
       Ensorcelled Hiber ||    27
 Stab: Sleeping          ||    17
Armor: Robe              ||    13
Dodge: Dodged            ||    78

Table legend:
 A = Spawn XP
 B = Non-spawn XP
 C = Spawn XP percentage of total XP
 D = Spawn monster count
 E = Non-spawn monster count
 F = Spawn count percentage of total count
 G = Total turns spent on level
                    A         B        C        D         E        F      G
               +---------+---------+-------+---------+---------+-------+---------
         Total |       0 |      75 |   0.0 |       0 |      30 |   0.0 |  2456
               +---------+---------+-------+---------+---------+-------+---------
           D:1 |       0 |      28 |   0.0 |       0 |      18 |   0.0 |  1604
           D:2 |       0 |      47 |   0.0 |       0 |      12 |   0.0 |   852
               +---------+---------+-------+---------+---------+-------+---------
